[Event "Titled Tuesday Blitz May 16 Early 2023"]
[White "Weetik, Vjacheslav"]
[Black "Shevtchenko, Olesya"]
[WhiteFideId "4153472"]
[BlackFideId "24131890"]
[WhiteElo "2469"]
[BlackElo "2003"]
[Result "0-1"]
[Round "06"]
[TimeControl "180+2"]
[Date "2023.05.16"]
[WhiteClock "0:00:11"]
[BlackClock "0:00:40"]

1. d4 Nf6 2. c4 e6 3. g3 d5 4. Nf3 Bb4+ 5. Bd2 a5 6. Bg2 O-O 7. Qc2 c5 8. Bxb4 axb4 9. cxd5 cxd4 10. Nxd4 Qb6 11. e3 exd5 12. Nd2 Nc6 13. N2b3 Bg4 14. O-O Rfc8 15. Qd3 Ne5 16. Qb1 Bh5 17. Qf5 Nc4 18. Bxd5 Nd6 19. Qe5 Re8 20. Bxf7+ Bxf7 21. Qc5 Qxc5 22. Nxc5 Nde4 23. Nxb7 Reb8 24. f3 Rxb7 25. fxe4 Nxe4 26. Rf4 Nf6 27. a4 Nd5 28. Rf3 Re7 29. Nf5 Re5 30. Nd6 Bh5 31. Rf2 Rd8 32. Nc4 Re4 33. b3 Nxe3 34. Re1 Rd1 35. Rxd1 Bxd1 36. Nd6 Re6 37. Rd2 Bxb3 38. a5 Nc4 39. Nxc4 Bxc4 40. Rd4 Rc6 41. Rd8+ Kf7 42. Rb8 b3 0-1


[Site "https://www.chess.com"]

[Event "Titled Tuesday Blitz May 16 Early 2023"]
[White "Fiorito, Joaquin"]
[Black "Santos Ruiz, Miguel"]
[WhiteFideId "180173"]
[BlackFideId "22291482"]
[WhiteElo "2157"]
[BlackElo "2499"]
[Result "0-1"]
[Round "06"]
[TimeControl "180+2"]
[Date "2023.05.16"]
[WhiteClock "0:00:01"]
[BlackClock "0:00:44"]

1. d4 Nf6 2. c4 e6 3. Nc3 Bb4 4. e3 d6 5. Bd3 Bxc3+ 6. bxc3 e5 7. e4 c5 8. d5 Qe7 9. Ne2 h6 10. O-O g5 11. f3 Kd8 12. a4 a5 13. Be3 Kc7 14. Rb1 b6 15. Qc2 Nh5 16. Rb2 Nf4 17. Rfb1 Ra6 18. Ng3 h5 19. Nf5 Bxf5 20. exf5 Nd7 21. Be4 Nf6 22. Qb3 Qd7 23. Qd1 Rg8 24. Rb5 Qe7 25. R5b2 g4 26. Bxf4 exf4 27. Qd3 Nd7 28. Qd2 Ne5 29. Qxf4 gxf3 30. Bxf3 Qh4 31. Qxh4 Nxf3+ 32. Kh1 Nxh4 33. Rf2 Rg4 34. g3 Rxc4 35. Rc1 Rxa4 36. gxh4 Re4 37. Re2 Rxe2 0-1


[Site "https://www.chess.com"]

[Event "Titled Tuesday Blitz May 16 Early 2023"]
[White "OPQRC"]
[Black "Csonka, Balazs"]
[BlackFideId "742910"]
[WhiteElo "2549"]
[BlackElo "2404"]
[Result "1-0"]
[Round "06"]
[TimeControl "180+2"]
[Date "2023.05.16"]
[WhiteClock "0:00:04"]
[BlackClock "0:00:00"]

1. e4 d5 2. exd5 Qxd5 3. Nc3 Qa5 4. Bc4 Nf6 5. d3 c6 6. Bd2 Qb6 7. Qe2 Qxb2 8. Rb1 Qa3 9. Nf3 e6 10. O-O Be7 11. Ne5 O-O 12. g4 b5 13. Bxb5 cxb5 14. Nxb5 Qa4 15. Nc7 Nc6 16. Nxa8 Nxe5 17. Qxe5 Qc6 18. Qc7 Qxa8 19. Qxe7 Qf3 20. Rb4 Nd5 21. Qg5 Nxb4 22. Rb1 Bb7 23. Kf1 Nxc2 24. Rc1 Qh1+ 25. Ke2 Nd4+ 26. Ke3 Qf3+ 27. Kxd4 Qxf2+ 28. Be3 Qb2+ 29. Kc5 Rc8+ 30. Kd6 Qa3+ 31. Ke5 Qa5+ 32. Kf4 Qxg5+ 33. Kxg5 Rxc1 34. Bxc1 f6+ 35. Kf4 Kf7 36. Ke3 e5 37. h4 Ke6 38. d4 e4 39. Ba3 g6 40. Bc5 a6 41. Ba7 Kd5 42. Bb8 Bc8 43. g5 fxg5 44. hxg5 Bf5 45. a3 Kc4 46. Bf4 Kb3 47. Bd6 Kc4 48. Be7 Kd5 49. Bf8 Bd7 50. Be7 Bc6 51. Bd8 Ke6 52. Bc7 Kf5 53. Bd8 Kg4 54. Bf6 Kh5 55. Be7 h6 56. gxh6 Kxh6 57. Kf4 Kh5 58. Bf6 1-0


[Site "https://www.chess.com"]

[Event "Titled Tuesday Blitz May 16 Early 2023"]
[White "Tanenbaum, Zachary"]
[Black "Melikyan, Gnel"]
[WhiteFideId "2060850"]
[BlackFideId "54109990"]
[WhiteElo "2175"]
[BlackElo "2138"]
[Result "1-0"]
[Round "06"]
[TimeControl "180+2"]
[Date "2023.05.16"]
[WhiteClock "0:02:22"]
[BlackClock "0:01:45"]

1. e4 e5 2. Nf3 Nf6 3. Nxe5 d6 4. Nf3 Nxe4 5. Nc3 Nf6 6. d4 d5 7. Bd3 Bd6 8. O-O O-O 9. h3 h6 10. Nb5 Be7 11. Bf4 Ne8 12. Qd2 a6 13. Nc3 Nf6 14. Bxh6 Ne4 15. Nxe4 dxe4 16. Bxe4 gxh6 17. Qxh6 f5 18. Bd3 Bf6 19. Bc4+ Rf7 20. Qg6+ Kh8 21. Qxf7 Nc6 22. Rfe1 Bd7 23. Ne5 Be8 24. Ng6# 1-0


[Site "https://www.chess.com"]

[Event "Titled Tuesday Blitz May 16 Early 2023"]
[White "Badmatsyrenov, Oleg"]
[Black "Omelja, Artem"]
[WhiteFideId "24115762"]
[BlackFideId "14119846"]
[WhiteElo "2396"]
[BlackElo "2404"]
[Result "1-0"]
[Round "06"]
[TimeControl "180+2"]
[Date "2023.05.16"]
[WhiteClock "0:00:13"]
[BlackClock "0:00:05"]

1. e4 c5 2. Nf3 Nc6 3. d4 cxd4 4. Nxd4 Nf6 5. Nc3 e5 6. Ndb5 d6 7. Bg5 a6 8. Na3 b5 9. Nd5 Be7 10. Bxf6 Bxf6 11. c4 b4 12. Nc2 O-O 13. g3 a5 14. Bg2 Bg5 15. O-O Rb8 16. b3 Be6 17. Qd3 Ne7 18. Nde3 Qb6 19. Rad1 Rfd8 20. h4 Bh6 21. Nf5 Bxf5 22. exf5 f6 23. Ne3 Bxe3 24. fxe3 Qc5 25. Kh2 Rb6 26. g4 Kh8 27. Be4 a4 28. Rf2 axb3 29. axb3 Ra6 30. g5 Rf8 31. gxf6 Rxf6 32. Rg2 Rh6 33. Rg4 Ng8 34. Rdg1 Ra7 35. Kh3 Nf6 36. R4g3 Qc8 37. Bf3 Qd8 38. Rg5 Re7 39. e4 Ra7 40. Qe3 Rc7 41. R1g2 Ng8 42. h5 Qf6 43. Qb6 Rf7 44. Qxb4 g6 45. Qb8 Rf8 46. Qc7 Ne7 47. Qd7 gxf5 48. exf5 Nxf5 49. Bd5 Ng7 50. Qxg7+ Qxg7 51. Rxg7 Rxh5+ 52. Kg4 Rff5 53. Rg8# 1-0


[Site "https://www.chess.com"]

[Event "Titled Tuesday Blitz May 16 Early 2023"]
[White "Vaishali, Rameshbabu"]
[Black "Belov, Alexei"]
[WhiteFideId "5091756"]
[BlackFideId "4128206"]
[WhiteElo "2410"]
[BlackElo "2542"]
[Result "0-1"]
[Round "06"]
[TimeControl "180+2"]
[Date "2023.05.16"]
[WhiteClock "0:00:10"]
[BlackClock "0:01:12"]

1. d4 e6 2. e4 d5 3. Nd2 Nf6 4. e5 Nfd7 5. c3 c5 6. Bd3 Nc6 7. Ngf3 f6 8. exf6 Nxf6 9. O-O Bd6 10. Re1 O-O 11. b3 Qc7 12. Ba3 b6 13. h3 Bd7 14. dxc5 bxc5 15. c4 Nb4 16. Bxb4 cxb4 17. cxd5 exd5 18. Nd4 Qb6 19. N2f3 Rfe8 20. Rc1 Bc5 21. Rxe8+ Rxe8 22. Bb1 Ne4 23. Kh1 Nxf2+ 0-1


[Site "https://www.chess.com"]

[Event "Titled Tuesday Blitz May 16 Early 2023"]
[White "carokannlover213"]
[Black "surrenderPLS"]
[WhiteElo "2696"]
[BlackElo "2540"]
[Result "1-0"]
[Round "06"]
[TimeControl "180+2"]
[Date "2023.05.16"]
[WhiteClock "0:00:25"]
[BlackClock "0:00:04"]

1. e4 c5 2. Nf3 d6 3. d4 cxd4 4. Nxd4 Nf6 5. Nc3 e5 6. Bb5+ Nbd7 7. Nf5 a6 8. Ba4 b5 9. Bb3 Nc5 10. Bg5 h6 11. Bxf6 Qxf6 12. Bd5 Ra7 13. b4 Nxe4 14. Bc6+ Bd7 15. Nxe4 Qxf5 16. Nxd6+ Bxd6 17. Qxd6 Qxc2 18. O-O Qxc6 19. Qb8+ Qc8 20. Qxa7 O-O 21. Rac1 Qa8 22. Qxd7 Rd8 23. Qc6 Qxc6 24. Rxc6 Rd4 25. Rxa6 Rxb4 26. g3 g6 27. Re1 e4 28. Rb6 Kg7 29. a4 Rxa4 30. Rxb5 h5 31. Re5 f5 32. Rb5 Ra7 33. Reb1 Kh6 34. Rb7 Ra2 35. R7b2 Ra3 36. Rb6 e3 37. fxe3 Rxe3 38. Rc6 Kg5 39. Rb4 f4 40. Rxf4 Re1+ 41. Kg2 Re2+ 42. Rf2 Rxf2+ 43. Kxf2 Kg4 44. Kg2 g5 45. Rc4+ Kf5 46. h3 Kg6 47. Ra4 h4 48. Kf3 Kf5 49. gxh4 g4+ 50. hxg4+ Kg6 51. Rf4 1-0


[Site "https://www.chess.com"]

[Event "Titled Tuesday Blitz May 16 Early 2023"]
[White "caropawn10"]
[Black "Hossain, Enamul"]
[BlackFideId "10200649"]
[WhiteElo "2691"]
[BlackElo "2433"]
[Result "0-1"]
[Round "06"]
[TimeControl "180+2"]
[Date "2023.05.16"]
[WhiteClock "0:01:02"]
[BlackClock "0:00:28"]

1. e4 c5 2. Nf3 Nc6 3. d4 cxd4 4. Nxd4 Nf6 5. Nc3 e5 6. Ndb5 d6 7. Bg5 a6 8. Na3 b5 9. Nd5 Be7 10. Bxf6 Bxf6 11. c3 Rb8 12. Nc2 Bg5 13. a4 bxa4 14. Ncb4 Nxb4 15. cxb4 O-O 16. Qxa4 Be6 17. Bc4 Qc8 18. b3 Bxd5 19. exd5 e4 20. O-O e3 21. fxe3 Bxe3+ 22. Kh1 Qb7 23. Qxa6 Qxb4 24. Rf3 Bc5 25. Raf1 g6 26. Qc6 Rb7 27. Qa6 Ra7 28. Qc6 Qd2 29. Qb5 Ra2 30. Rg3 Bd4 31. Qd7 Be5 32. Rg4 h5 33. Rxg6+ fxg6 34. Qe6+ Kh7 35. Qe7+ Bg7 36. Rg1 Rf2 37. Qe4 Qd4 38. Qb1 Rfb2 39. Qf1 Rd2 40. Qb1 Qf2 41. Bd3 Bd4 42. Bxg6+ Kh6 0-1


[Site "https://www.chess.com"]

[Event "Titled Tuesday Blitz May 16 Early 2023"]
[White "Prohaszka, Peter"]
[Black "Bagwe Gaurang"]
[WhiteFideId "726265"]
[BlackFideId "45039895"]
[WhiteElo "2626"]
[BlackElo "1847"]
[Result "1-0"]
[Round "06"]
[TimeControl "180+2"]
[Date "2023.05.16"]
[WhiteClock "0:01:13"]
[BlackClock "0:01:19"]

1. d4 d5 2. c3 e6 3. Nf3 Nf6 4. Bg5 Be7 5. Nbd2 O-O 6. e3 Ne4 7. Bxe7 Qxe7 8. Nxe4 dxe4 9. Nd2 f5 10. Bc4 Kh8 11. O-O e5 12. f3 exd4 13. cxd4 exf3 14. Qxf3 Nc6 15. Rac1 Be6 16. Bxe6 Qxe6 17. d5 Qd7 18. dxc6 Qxd2 19. cxb7 Rae8 20. Rxc7 Qxb2 21. Qc6 Qe5 22. Qc3 Kg8 23. Qxe5 Rxe5 24. Rc8 Rb5 25. Rxf8+ Kxf8 26. Rxf5+ 1-0


[Site "https://www.chess.com"]

[Event "Titled Tuesday Blitz May 16 Early 2023"]
[White "Seemann, Jakub"]
[Black "Krsnik Cohar, Ivan Vihor"]
[WhiteFideId "21874697"]
[BlackFideId "14520044"]
[WhiteElo "2364"]
[BlackElo "2414"]
[Result "1-0"]
[Round "06"]
[TimeControl "180+2"]
[Date "2023.05.16"]
[WhiteClock "0:01:44"]
[BlackClock "0:00:00"]

1. b3 Nf6 2. Bb2 e6 3. Nf3 d5 4. g3 Be7 5. Bg2 O-O 6. O-O c5 7. d4 Nc6 8. dxc5 Ne4 9. Nbd2 Bxc5 10. c4 Nxd2 11. Nxd2 d4 12. Bxc6 bxc6 13. Ne4 Bb6 14. c5 f5 15. Qxd4 Qxd4 16. Bxd4 fxe4 17. cxb6 axb6 18. Bxb6 Ba6 19. Rfe1 Rfb8 20. Be3 Rb5 21. Rec1 Bb7 22. Kf1 Kf7 23. Ke1 Ra3 24. Kd2 Ke8 25. Kc3 Rd5 26. Kb2 Ra8 27. Rc2 Kd7 28. Kc3 g5 29. a4 g4 30. Rh1 Rh5 31. Rd2+ Ke7 32. Rd4 Raa5 33. Rb4 Ba8 34. Rb8 c5 35. Rg8 c4 36. Kxc4 Bd5+ 37. Kb4 Ra6 38. Rxg4 Ra8 39. Rb1 Rxh2 40. Rg7+ Kf8 41. Ra7 Rb8+ 42. Kc3 Rh5 43. b4 Rf5 44. Bc5+ Ke8 45. Rxh7 Rf7 46. Rh8+ 1-0


[Site "https://www.chess.com"]

[Event "Titled Tuesday Blitz May 16 Early 2023"]
[White "Simonian, Hrair"]
[Black "Bethke, Richard"]
[WhiteFideId "13302337"]
[BlackFideId "12959243"]
[WhiteElo "2447"]
[BlackElo "2369"]
[Result "1-0"]
[Round "06"]
[TimeControl "180+2"]
[Date "2023.05.16"]
[WhiteClock "0:00:17"]
[BlackClock "0:00:00"]

1. e4 c5 2. Nc3 Nc6 3. Bb5 Nd4 4. Bc4 e6 5. Nge2 a6 6. Nxd4 cxd4 7. Ne2 b5 8. Bb3 Qb6 9. d3 Bb4+ 10. Bd2 Be7 11. O-O Nf6 12. Ng3 O-O 13. f4 Bb7 14. f5 d5 15. e5 Nd7 16. f6 gxf6 17. Nh5 Nxe5 18. Bh6 Rfc8 19. Bg7 Ng6 20. Bxf6 Bxf6 21. Nxf6+ Kg7 22. Qh5 Rh8 23. Qg5 Qc7 24. Nh5+ Kf8 25. Rxf7+ Kxf7 26. Rf1+ Kg8 27. Qh6 Rf8 28. Qxf8+ Nxf8 29. Nf6+ Kg7 30. Ne8+ Kg6 31. Nxc7 h5 32. a4 bxa4 33. Bxa4 Rh7 34. Be8+ Kg5 35. Bf7 e5 36. Nxd5 Ng6 37. Be6 Bxd5 38. Bxd5 Nf4 39. Be4 Rc7 40. Rf2 Rc5 41. Kf1 Ra5 42. Ke1 Ra1+ 43. Kd2 Kg4 44. g3 Nh3 45. Bf5+ Kg5 46. Bxh3 a5 47. Rf5+ 1-0


[Site "https://www.chess.com"]

[Event "Titled Tuesday Blitz May 16 Early 2023"]
[White "Volkov, Maksim"]
[Black "Khamdamova, Afruza"]
[WhiteFideId "54123070"]
[BlackFideId "14210444"]
[WhiteElo "2297"]
[BlackElo "2312"]
[Result "1-0"]
[Round "06"]
[TimeControl "180+2"]
[Date "2023.05.16"]
[WhiteClock "0:01:16"]
[BlackClock "0:00:25"]

1. d4 Nf6 2. c4 e6 3. g3 Be7 4. Bg2 O-O 5. e4 d6 6. Nc3 Nbd7 7. Nf3 e5 8. O-O Re8 9. h3 b6 10. Be3 exd4 11. Nxd4 Bb7 12. e5 dxe5 13. Bxb7 exd4 14. Bxd4 Rb8 15. Bc6 Bd6 16. Nb5 Re6 17. Nxa7 Ne5 18. Bxe5 Bxe5 19. Bd5 Nxd5 20. cxd5 Rh6 21. Nc6 Qd7 22. Qg4 Qxg4 23. hxg4 Rxc6 24. dxc6 Bxb2 25. Rad1 Be5 26. Rd7 Bd6 27. Rd1 Kf8 28. R1xd6 cxd6 29. c7 1-0


[Site "https://www.chess.com"]

[Event "Titled Tuesday Blitz May 16 Early 2023"]
[White "Gonzalez, Francisco Silva"]
[Black "Mendez Fortes, Eduardo Jesus"]
[WhiteFideId "1512285"]
[BlackFideId "3502376"]
[WhiteElo "2074"]
[BlackElo "2307"]
[Result "0-1"]
[Round "06"]
[TimeControl "180+2"]
[Date "2023.05.16"]
[WhiteClock "0:00:00"]
[BlackClock "0:00:38"]

1. d4 Nf6 2. c4 e6 3. Nc3 Bb4 4. a3 Bxc3+ 5. bxc3 O-O 6. e3 c5 7. Bd3 d6 8. e4 b6 9. Nf3 Nc6 10. O-O Ba6 11. Be3 Na5 12. e5 dxe5 13. dxe5 Nd7 14. Bxh7+ Kxh7 15. Ng5+ Kg6 16. Qd3+ f5 17. exf6+ Kxf6 18. Qe4 Qe7 19. Qf4+ Kg6 20. Qe4+ Rf5 21. Qxa8 Rxg5 22. Qe4+ Rf5 23. g4 Qf6 24. gxf5+ Qxf5 25. Qxf5+ Kxf5 26. Rfd1 Ne5 27. h4 Naxc4 28. Rd8 Nf3+ 29. Kg2 Nxh4+ 30. Kg3 Ng6 31. Kh3 Nce5 32. Rg1 Be2 33. Rg5+ Kf6 34. f4 Nf7 35. Rd2 Bf1+ 36. Kg4 Nxg5 37. fxg5+ Ke7 38. Bf4 e5 39. Bg3 Ke6 40. Rd8 Be2+ 41. Kh3 Bf3 42. Bh2 Ne7 43. Kg3 e4 44. Kf4 Nd5+ 45. Kg3 Nxc3 46. Rh8 Kf5 47. Rg8 Kg6 48. Kf4 Nb5 49. a4 Nc3 50. a5 bxa5 51. Rc8 Nd5+ 52. Ke5 Nb4 53. Rxc5 Nd3+ 54. Kd4 Nxc5 55. Kxc5 Kxg5 56. Kb5 Kg4 57. Kxa5 Kh3 58. Bg1 g5 59. Bxa7 Kg2 60. Kb4 Kf1 61. Kc3 g4 62. Kd2 g3 63. Ke3 g2 64. Kf4 g1=Q 65. Bxg1 Kxg1 66. Ke3 Kf1 67. Kd2 Kf2 68. Kc3 e3 69. Kd3 e2 0-1


[Site "https://www.chess.com"]

[Event "Titled Tuesday Blitz May 16 Early 2023"]
[White "Krysa, Leandro"]
[Black "Hamley, Ryan"]
[WhiteFideId "116807"]
[BlackFideId "30959497"]
[WhiteElo "2489"]
[BlackElo "2499"]
[Result "1-0"]
[Round "06"]
[TimeControl "180+2"]
[Date "2023.05.16"]
[WhiteClock "0:00:10"]
[BlackClock "0:00:10"]

1. e4 c6 2. d4 d5 3. e5 Bf5 4. h4 h5 5. Bg5 Qb6 6. Bd3 Bxd3 7. Qxd3 e6 8. Nd2 Ne7 9. c4 dxc4 10. Nxc4 Qc7 11. Nd6+ Kd7 12. Nxf7 Rg8 13. Nd6 Na6 14. Ne4 Nd5 15. a3 Be7 16. Ne2 Bxg5 17. Nxg5 Qa5+ 18. Kf1 Raf8 19. g3 Nac7 20. Kg2 Rf5 21. f4 Rgf8 22. b4 Qb6 23. Nc3 Rxf4 24. Nce4 R4f5 25. Rhf1 Qb5 26. Nc5+ Kc8 27. Qxb5 Nxb5 28. Rxf5 Rxf5 29. Ngxe6 b6 30. Ne4 Kd7 31. Nxg7 Ne3+ 32. Kh3 Rf3 33. Nxh5 Nxd4 34. Nhf6+ Ke7 35. Ng4 Ndf5 36. Nxe3 Rxe3 37. Rf1 Nxh4 38. Nd6 Rxe5 39. Nc8+ Kd7 40. Kxh4 Kxc8 41. g4 Re3 42. g5 Rxa3 43. g6 1-0


[Site "https://www.chess.com"]

[Event "Titled Tuesday Blitz May 16 Early 2023"]
[White "MKlose11"]
[Black "Ladan, Nicholas"]
[BlackFideId "30918855"]
[WhiteElo "2667"]
[BlackElo "2167"]
[Result "1-0"]
[Round "06"]
[TimeControl "180+2"]
[Date "2023.05.16"]
[WhiteClock "0:00:07"]
[BlackClock "0:00:03"]

1. e4 e5 2. Nf3 Nc6 3. d4 exd4 4. Bc4 Nf6 5. O-O Nxe4 6. Re1 d5 7. Bxd5 Qxd5 8. Nc3 Qd7 9. Rxe4+ Be7 10. Nxd4 f5 11. Rf4 O-O 12. Nxc6 Qxc6 13. Qd5+ Qxd5 14. Nxd5 Bd6 15. Rd4 c6 16. Nf4 Be5 17. Rd1 g5 18. Nd3 Bf6 19. f4 h6 20. Re1 Bd7 21. Be3 b6 22. Rad1 Rad8 23. c3 Rfe8 24. Kf2 Kf7 25. Bd4 Be6 26. Bxf6 Kxf6 27. Ne5 Bd5 28. g3 Be4 29. Ke3 c5 30. a3 gxf4+ 31. gxf4 Rg8 32. Rxd8 Rxd8 33. Rg1 Rh8 34. Rg6+ Ke7 35. Rg7+ Ke6 36. Rxa7 Rf8 37. Ra6 Rb8 38. Nc4 Rg8 39. Rxb6+ Kd5 40. Ne5 c4 41. b3 cxb3 42. c4+ Kc5 43. Rxb3 Rg1 44. Rb5+ Kd6 45. Rb6+ Kc5 46. Rxh6 Re1+ 47. Kf2 Ra1 48. h4 Ra2+ 49. Kg3 Rxa3+ 50. Kh2 Ra2+ 51. Kh3 Ra3+ 52. Kh2 Ra2+ 53. Kg3 Ra3+ 54. Kf2 Ra2+ 55. Ke3 Ra3+ 56. Kd2 Ra2+ 57. Kc3 Ra3+ 58. Kb2 Rh3 59. h5 Kd4 60. Rd6+ Ke3 61. h6 Kxf4 62. Nf7 Ke3 63. Ng5 Rh2+ 64. Kb3 Bc2+ 65. Kb4 f4 66. Re6+ Kd4 67. Rf6 Ke3 68. Ne6 f3 69. c5 f2 70. Nc7 Rh4+ 71. Kb5 Rf4 72. Nd5+ Kd2 73. Rxf4 Bd3+ 74. Kb6 f1=Q 75. Rxf1 Bxf1 76. h7 1-0


[Site "https://www.chess.com"]

[Event "Titled Tuesday Blitz May 16 Early 2023"]
[White "Mrudul Dehankar"]
[Black "Domingo Nunez, Ruben"]
[WhiteFideId "25096990"]
[BlackFideId "22245570"]
[WhiteElo "2139"]
[BlackElo "2404"]
[Result "0-1"]
[Round "06"]
[TimeControl "180+2"]
[Date "2023.05.16"]
[WhiteClock "0:00:00"]
[BlackClock "0:01:21"]

1. e4 g6 2. d4 Bg7 3. Nc3 c6 4. Nf3 d5 5. e5 f6 6. Bf4 Bg4 7. h3 Bxf3 8. Qxf3 fxe5 9. Bxe5 Bxe5 10. dxe5 e6 11. O-O-O Nd7 12. Qe3 Qb6 13. Qe2 Nh6 14. g4 O-O 15. Qd2 Nf7 16. f4 g5 17. f5 Rae8 18. fxe6 Rxe6 19. Bd3 Ndxe5 20. Bf5 Nc4 21. Na4 Qb5 22. Qd4 Ree8 23. b3 Ne3 24. Bd3 Qa5 25. Rde1 Nxc2 26. Kxc2 Rxe1 27. Rxe1 Qxe1 28. Qf6 Qe3 29. Nc3 Qf4 30. Qh6 Nxh6 0-1


[Site "https://www.chess.com"]

[Event "Titled Tuesday Blitz May 16 Early 2023"]
[White "Kvaloy, Aksel Bu"]
[Black "Aakanksha Hagawane"]
[WhiteFideId "1528815"]
[BlackFideId "25014510"]
[WhiteElo "2242"]
[BlackElo "2081"]
[Result "1-0"]
[Round "06"]
[TimeControl "180+2"]
[Date "2023.05.16"]
[WhiteClock "0:00:56"]
[BlackClock "0:00:08"]

1. e4 e5 2. Nf3 Nc6 3. Nc3 Nf6 4. d4 exd4 5. Nxd4 Bb4 6. Nxc6 bxc6 7. Bd3 d5 8. Bd2 O-O 9. O-O Bxc3 10. Bxc3 Nxe4 11. Bxe4 dxe4 12. Qe2 Qh4 13. Rad1 Re8 14. Qe3 Bg4 15. Rd4 Bf5 16. Rfd1 h6 17. b3 Rad8 18. h3 Rxd4 19. Rxd4 Re6 20. Kf1 Kh7 21. Rd7 Rd6 22. Rxf7 Rd1+ 23. Ke2 Qh5+ 24. g4 Qxf7 25. Kxd1 Bg6 26. Ke2 h5 27. Bd4 a6 28. c4 Qe6 29. Qf4 Qe7 30. Ke3 Qh4 31. Qe5 Qxh3+ 32. Kd2 Qd3+ 33. Kc1 Qf1+ 34. Kb2 Kh6 35. g5+ Kh7 36. Qxg7# 1-0


[Site "https://www.chess.com"]

[Event "Titled Tuesday Blitz May 16 Early 2023"]
[White "Colas, Joshua"]
[Black "Martic, Ivan"]
[WhiteFideId "2044447"]
[BlackFideId "929301"]
[WhiteElo "2347"]
[BlackElo "2360"]
[Result "1-0"]
[Round "06"]
[TimeControl "180+2"]
[Date "2023.05.16"]
[WhiteClock "0:01:59"]
[BlackClock "0:00:59"]

1. Nf3 g6 2. g3 Bg7 3. Bg2 f5 4. O-O Nf6 5. d3 O-O 6. e4 d6 7. exf5 gxf5 8. d4 e6 9. c4 Kh8 10. Nc3 Qe8 11. Re1 Qh5 12. Ng5 Qxd1 13. Nxd1 Re8 14. Nc3 h6 15. Nh3 Kg8 16. Bd2 Nc6 17. Nb5 Re7 18. d5 exd5 19. Rxe7 Nxe7 20. Nxc7 Rb8 21. cxd5 Bd7 22. Re1 Kf7 23. Nf4 Rc8 24. Nce6 Bh8 25. Bc3 Ng6 26. Nxg6 Kxg6 27. Nf4+ Kf7 28. Bf3 b5 29. a3 Bg7 30. Kg2 Rc4 31. Nh5 Nxh5 32. Bxh5+ Kf8 33. Bxg7+ Kxg7 34. Re7+ Kf6 35. Rxd7 1-0


[Site "https://www.chess.com"]

[Event "Titled Tuesday Blitz May 16 Early 2023"]
[White "Florescu, Codrut-Constantin"]
[Black "Jimenez Almeida, Luis David"]
[WhiteFideId "1202200"]
[BlackFideId "22242244"]
[WhiteElo "2191"]
[BlackElo "2245"]
[Result "1-0"]
[Round "06"]
[TimeControl "180+2"]
[Date "2023.05.16"]
[WhiteClock "0:00:50"]
[BlackClock "0:00:07"]

1. c4 g6 2. Nc3 Bg7 3. e4 c5 4. g3 Nc6 5. Bg2 d6 6. d3 Nd4 7. Nge2 e6 8. O-O Ne7 9. f4 O-O 10. Nxd4 cxd4 11. Ne2 Bd7 12. g4 Bc6 13. g5 f5 14. gxf6 Bxf6 15. Ng3 Bg7 16. Qg4 Qd7 17. h4 b5 18. b3 e5 19. f5 Kh8 20. Bg5 gxf5 21. exf5 Bxg2 22. Kxg2 d5 23. Bxe7 Qxe7 24. cxd5 Bf6 25. Kh3 Rg8 26. Qe4 Rac8 27. Nh5 Rc3 28. Rg1 Rgc8 29. Rg3 Rc2 30. Rag1 Bxh4 31. Rg7 Qe8 32. Qg4 Bf2 33. Rxh7+ Kxh7 34. Qg7# 1-0


[Site "https://www.chess.com"]

[Event "Titled Tuesday Blitz May 16 Early 2023"]
[White "Jakic, Ivan"]
[Black "Lewicki, Miroslaw"]
[WhiteFideId "14504901"]
[BlackFideId "1113380"]
[WhiteElo "2370"]
[BlackElo "2212"]
[Result "0-1"]
[Round "06"]
[TimeControl "180+2"]
[Date "2023.05.16"]
[WhiteClock "0:01:43"]
[BlackClock "0:01:29"]

1. e4 c5 2. Nf3 d6 3. d4 cxd4 4. Qxd4 Bd7 5. c4 Nc6 6. Qe3 Nf6 7. Nc3 g6 8. h3 Bg7 9. Be2 O-O 10. O-O Rc8 11. Rd1 Na5 12. b3 Nxe4 13. Qxe4 Bxc3 14. Rb1 Bf5 15. Qh4 Bxb1 16. Ng5 h5 17. Bd3 Bxd3 18. Rxd3 Bf6 19. g4 Nxc4 20. gxh5 Kg7 21. h6+ Kh8 22. bxc4 Qa5 23. Bd2 Qxa2 24. Qe4 Rxc4 25. Qg2 Qb1+ 0-1


[Site "https://www.chess.com"]

[Event "Titled Tuesday Blitz May 16 Early 2023"]
[White "Vlassov, Nikolai"]
[Black "Rios Escobar, Adan"]
[WhiteFideId "4103360"]
[BlackFideId "3403645"]
[WhiteElo "2324"]
[BlackElo "2466"]
[Result "1-0"]
[Round "06"]
[TimeControl "180+2"]
[Date "2023.05.16"]
[WhiteClock "0:00:10"]
[BlackClock "0:00:02"]

1. e4 c5 2. c3 d5 3. exd5 Nf6 4. Bb5+ Nbd7 5. c4 a6 6. Bxd7+ Bxd7 7. Nc3 e6 8. Qe2 Be7 9. dxe6 fxe6 10. Nf3 O-O 11. O-O Bd6 12. d4 Qc7 13. dxc5 Bxc5 14. Ne5 Be8 15. Kh1 Bd6 16. f4 Bh5 17. Nf3 Rae8 18. g3 Qc6 19. Qg2 Qxc4 20. Be3 Ng4 21. Bg1 Kh8 22. Rad1 Bb8 23. Rd4 Qc6 24. Ng5 Qc7 25. Re1 e5 26. fxe5 Rxe5 27. Rxe5 Qxe5 28. Qd5 Qe1 29. Nge4 h6 30. Qxh5 Ne3 31. Qe2 Qxe2 32. Nxe2 Nf5 33. Rd7 Re8 34. N2c3 g6 35. Rxb7 Be5 36. a4 h5 37. h3 a5 38. g4 hxg4 39. hxg4 Nh6 40. g5 Nf5 41. Nf6 Ng3+ 42. Kg2 Bxf6 43. gxf6 Nh5 44. Bd4 Nf4+ 45. Kf3 Ne6 46. Be5 Rf8 47. Ke4 g5 48. Kf5 Nc5 49. f7+ Kh7 50. Rc7 Nd3 51. Bf6 g4 52. Ne4 Nxb2 53. Ng5+ Kh6 54. Be7 Rxf7+ 55. Nxf7+ Kg7 56. Ne5 Nxa4 57. Bf6+ Kh6 58. Nxg4+ Kh5 59. Rh7# 1-0


[Site "https://www.chess.com"]

[Event "Titled Tuesday Blitz May 16 Early 2023"]
[White "Skliarov, Viktor"]
[Black "Panda Sambit"]
[WhiteFideId "14106736"]
[BlackFideId "25091794"]
[WhiteElo "2317"]
[BlackElo "2272"]
[Result "0-1"]
[Round "06"]
[TimeControl "180+2"]
[Date "2023.05.16"]
[WhiteClock "0:00:00"]
[BlackClock "0:00:05"]

1. e4 c6 2. d4 d5 3. e5 Bf5 4. Nf3 e6 5. Be2 Ne7 6. O-O Ng6 7. a4 Nd7 8. a5 a6 9. c3 f6 10. exf6 Qxf6 11. Bg5 Qf7 12. Nh4 Nxh4 13. Bxh4 Bd6 14. Bh5 g6 15. Be2 h6 16. Nd2 g5 17. Bg3 Qf8 18. Bh5+ Kd8 19. c4 Kc7 20. c5 Bf4 21. Bxf4+ gxf4 22. Qf3 Bh7 23. Rae1 Qf6 24. Nb3 e5 25. dxe5 Nxe5 26. Qc3 Rae8 27. Nd4 f3 28. Nxf3 Nxf3+ 29. Qxf3 Qxf3 30. Bxf3 Bd3 31. Rxe8 Rxe8 32. Rd1 Bc4 33. h4 Re5 34. g4 Kd7 35. Kg2 Ke7 36. Kg3 Kf6 37. b4 Be2 38. Rd4 Bxf3 39. Kxf3 Re1 40. Kf4 Rb1 41. g5+ hxg5+ 42. hxg5+ Kg6 43. f3 Rg1 44. Ke5 Rxg5+ 45. Kd6 Rf5 46. Kc7 Rf7+ 47. Kc8 Kf5 48. Rh4 Ke5 49. Rh5+ Kd4 50. Rh4+ Kc3 51. f4 d4 52. Kd8 d3 53. Ke8 Rf5 54. Rh3 Kc2 0-1


[Site "https://www.chess.com"]

[Event "Titled Tuesday Blitz May 16 Early 2023"]
[White "Cezila Jr, Rubens"]
[Black "Lenaerts, Lennert"]
[WhiteFideId "2116723"]
[BlackFideId "211435"]
[WhiteElo "2214"]
[BlackElo "2334"]
[Result "1-0"]
[Round "06"]
[TimeControl "180+2"]
[Date "2023.05.16"]
[WhiteClock "0:00:08"]
[BlackClock "0:00:18"]

1. c4 e5 2. Nc3 Bb4 3. Nd5 Bc5 4. Nf3 e4 5. d4 Bf8 6. Ng1 c6 7. Nc3 d5 8. cxd5 cxd5 9. Qb3 Nf6 10. Bg5 Nc6 11. e3 Bb4 12. Bb5 O-O 13. Bxc6 Bxc3+ 14. Qxc3 bxc6 15. Qxc6 Be6 16. Ne2 Rc8 17. Qa4 Qb6 18. Qb3 Qa5+ 19. Nc3 Rb8 20. Qc2 Qa6 21. Bxf6 gxf6 22. f3 f5 23. g4 fxg4 24. fxg4 Kh8 25. g5 Bg4 26. h4 Bf3 27. Rh3 Rfc8 28. Kf2 f6 29. Qd2 Qe6 30. Rh2 Rf8 31. Rg1 Bh5 32. Ke1 fxg5 33. hxg5 Bf3 34. g6 Rb7 35. Qf2 h5 36. Rxh5+ Kg8 37. Rh2 Qf6 38. Qg3 Rd8 39. Rh7 Rg7 40. Rxg7+ Kxg7 41. Qh2 Rh8 42. Qc7+ Kg8 43. Nxd5 Qh4+ 44. Kd2 Qh2+ 45. Kc3 Qxc7+ 46. Nxc7 Kg7 47. Nd5 Rc8+ 48. Kd2 Rb8 49. b3 Rd8 50. Nf4 Re8 51. Rc1 Rh8 52. Rc7+ Kf6 53. g7 Rg8 54. Nd5+ Ke6 55. Nf4+ Kf6 56. Rxa7 Rc8 57. b4 Rb8 58. a3 Bg4 59. Nd5+ Ke6 60. Nc3 Bf5 61. d5+ Ke5 62. b5 Bh7 63. a4 Rg8 64. a5 Bg6 65. b6 Kf6 66. b7 Bf7 67. Ra8 Rxg7 68. b8=Q Rg2+ 69. Ne2 Bg6 70. Qf4+ Bf5 71. Rf8+ 1-0


[Site "https://www.chess.com"]